 Dungeon Crawl Stone Soup version 0.22.0-16-gc6d26f6 (webtiles) character file.

127 sking99 the Insei (level 5, -3/26 HPs)
             Began as a Vine Stalker Transmuter on Aug 17, 2018.
             Was an Initiate of Ashenzari.
             Slain by Grinder (6 damage)
             ... on level 3 of the Dungeon.
             The game lasted 00:06:20 (2706 turns).

sking99 the Insei (Vine Stalker Transmuter)         Turns: 2706, Time: 00:06:21

Health: -3/26      AC:  3    Str: 12    XL:     5   Next: 11%
Magic:  0/9        EV: 12    Int: 13    God:    Ashenzari [......]
Gold:   190        SH:  0    Dex: 16    Spells: 2/8 levels left

rFire    . . .     SeeInvis .     - Unarmed
rCold    . . .     Gourm    .   (no shield)
rNeg     . . .     Faith    .   b - +1 robe
rPois    .         Spirit   +   (no helmet)
rElec    .         Reflect  .   (no cloak)
rCorr    .         Harm     .   (no gloves)
MR       .....                  (no boots)
Stlth    +.........             (no amulet)
HPRegen  0.48/turn              (no ring)
MPRegen  0.11/turn              (no ring)

@: very slightly contaminated
A: fangs 2, regeneration 1, magic shield, antimagic bite, no potion heal 3, rot
immunity
a: Curse Item, Renounce Religion


You were on level 3 of the Dungeon.
You worshipped Ashenzari.
Ashenzari was noncommittal.
You were not hungry.

You visited 1 branch of the dungeon, and saw 3 of its levels.

You collected 190 gold pieces.

Inventory:

Missiles
 a - 19 arrows
Armour
 b - a +1 robe (worn)
Scrolls
 c - a scroll of magic mapping
 j - 3 scrolls of remove curse
Potions
 i - 2 potions of invisibility
Comestibles
 d - 4 rations
 f - 3 chunks of flesh


   Skills:
 + Level 1.6 Fighting
 - Level 1.5 Dodging
 + Level 5.3 Unarmed Combat
 - Level 2.1 Spellcasting
 - Level 2.0 Transmutations


You had 2 spell levels left.
You knew the following spells:

 Your Spells              Type           Power        Failure   Level  Hunger
a - Beastly Appendage     Tmut           #.....       11%         1    ##.....
b - Sticks to Snakes      Tmut           #.......     17%         2    ###....
c - Spider Form           Tmut/Pois      #.........   45%         3    ####...

Your spell library contained the following spells:

 Spells                   Type           Power        Failure   Level  Hunger
 Blade Hands              Tmut           #.........   97%         5    ######.
 Ice Form                 Ice/Tmut       #.......     86%         4    #####..


Dungeon Overview and Level Annotations

Branches:
Dungeon (3/15)

Altars:
Ashenzari
Ru

Annotations:
D:3 Grinder


Innate Abilities, Weirdness & Mutations

You have extremely sharp teeth.
Your natural rate of healing is unusually fast.
When hurt, damage is shared between your health and your magic reserves.
Your bite disrupts and absorbs the magic of your enemies.
Potions cannot restore your health.
You are immune to rotting.


Message History

Your ball python bites Grinder but does no damage.
Your ball python constricts Grinder.
The giant cockroach barely misses you.
Your ball python barely misses the giant cockroach. x2
You hit Grinder.
Grinder is moderately wounded.
Grinder hits you.
You writhe in agony.
* * * LOW HITPOINT WARNING * * *
Your ball python bites Grinder but does no damage.
Your ball python constricts Grinder.
The giant cockroach barely misses you.
Your ball python bites the giant cockroach.
Your ball python grabs the giant cockroach.
Your ball python constricts the giant cockroach.
The giant cockroach barely misses you.
You hit Grinder but do no damage. You bite Grinder, but do no damage.
Grinder is moderately wounded.
Your ball python bites Grinder but does no damage.
Your ball python constricts Grinder.
Grinder hits you.
* * * LOW HITPOINT WARNING * * *
You writhe in agony.
You die...

*#.**#######...###.#**,*
##.###....s....# *,* *,*
*********#............#.###+***,,
,,**,,,,,...#.....###.....+_***,,
*,**,****#............#.###+***,,
*,**,* #,.#.....#####.# *,* *,*
*,**,* #..##...## *,#**,***,*
*,**,* #...>.Ss# *,,,,,,,,,*
*,**,****#..###.@#** *,,**,***,*
*,**,**,,.......5s.#***,***,* *,*
*,,,,,,,*#.......S....,,,,,,* *,*
,,**,****#.#.#..........,,,** *,*
*,**,* #,#.#.#.#.##.##**,* *,*
*,**,*****,#,#.#.#.#*,#***,****,*
*,**,**,,,,,,..#.#.#*,,,,,,,,,,,*
*,**,,,,,,,*.###.#.#*,***,,******
*,*****,,,,,,***,*,,*,* *,**


You could see Grinder, 2 giant cockroaches and 2 friendly ball pythons.

Vanquished Creatures
  Terence (D:2)
  Robin (D:2)
  2 adders
  A worm (D:2)
  5 dart slugs
  A leopard gecko (D:1)
  A giant cockroach (D:1)
  13 goblins
  8 hobgoblins
  5 jackals
  4 kobolds
  A quokka (D:2)
  A bat (D:2)
  2 frilled lizards (D:2)
  3 rats (D:2)
  A fungus (D:1)
50 creatures vanquished.

Vanquished Creatures (collateral kills)
  An adder (D:2)
1 creature vanquished.

Grand Total: 51 creatures vanquished

Notes
Turn   | Place    | Note
-------+----------+-------------------------------------------
     0 | D:1      | sking99 the Vine Stalker Transmuter began the quest for the Orb.
     0 | D:1      | Reached XP level 1. HP: 9/9 MP: 4/4
   475 | D:1      | Reached XP level 2. HP: 8/14 MP: 4/6
   919 | D:1      | Reached skill level 4 in Unarmed Combat
  1151 | D:1      | Reached XP level 3. HP: 17/17 MP: 7/7
  1155 | D:1      | Learned a level 2 spell: Sticks to Snakes
  1467 | D:2      | Learned a level 3 spell: Spider Form
  1512 | D:2      | Found a shattered altar of Ashenzari.
  1549 | D:2      | Became a worshipper of Ashenzari the Shackled
  1998 | D:2      | Found a sacrificial altar of Ru.
  2231 | D:2      | Found a faded altar of an unknown god.
  2347 | D:2      | Gained mutation: Your natural rate of healing is unusually fast. [Vine Stalker growth]
  2347 | D:2      | Reached XP level 4. HP: 19/21 MP: 5/8
  2371 | D:2      | Noticed Robin
  2379 | D:2      | Killed Robin
  2385 | D:2      | Reached skill level 5 in Unarmed Combat
  2454 | D:2      | Noticed Terence
  2465 | D:2      | Killed Terence
  2465 | D:2      | Reached skill level 1 in Fighting
  2592 | D:2      | Reached XP level 5. HP: 25/25 MP: 6/9
  2696 | D:3      | Noticed Grinder
  2706 | D:3      | Slain by Grinder

Skill      XL: |  1  2  3  4 |
---------------+-------------+-----
Unarmed Combat | 4 5 |  5.3
Fighting       | 1 |  1.6
Dodging        | |  1.5
Spellcasting   | |  2.1
Transmutations | |  2.0

Action                   |  1- 3 |  4- 6 || total
-------------------------+-------+-------++-------
Melee: Unarmed           |   140 |    49 ||   189
       Bite              |    34 |    12 ||    46
       Punch             |     1 |     1 ||     2
       Headbutt          |       |     3 ||     3
       Kick              |       |     2 ||     2
 Cast: Beastly Appendage |     1 |     3 ||     4
       Spider Form       |     1 |       ||     1
       Sticks to Snakes  |       |     5 ||     5
 Abil: End Transformatio |     1 |       ||     1
  Use: Scroll            |       |     4 ||     4
 Stab: Sleeping          |     3 |       ||     3
       Distracted        |       |     1 ||     1
  Eat: Chunk             |     1 |     2 ||     3
       Ration            |     1 |       ||     1
Armor: Robe              |     9 |     5 ||    14
Dodge: Dodged            |    52 |    24 ||    76
